 Dungeon Crawl Stone Soup version 0.28-a0-998-gb9e9c7b67e (webtiles) character file.

Game seed: 2345776866423502240

565 Lavandula the Bolt Thrower (level 7, -8/57 HPs)
             Began as a Naga Arcane Marksman on Dec 6, 2021.
             Mangled by an ogre (22 damage)
             ... on level 5 of the Dungeon.
             The game lasted 00:10:43 (4994 turns).

Lavandula the Bolt Thrower (Naga Arcane Marksman)   Turns: 4994, Time: 00:10:44

Health: -8/57      AC:  5    Str: 14    XL:     7   Next: 32%
Magic:  8/8        EV:  9    Int: 14    God:
Gold:   245        SH:  0    Dex: 11    Spells: 4/8 levels left

rFire   . . .      SeeInvis +   y - +4 hand axe of the Desolation of Salt {vorpal, rElec rN+}
rCold   . . .      Faith    .   (no shield)
rNeg    + . .      Spirit   .   d - +0 robe
rPois   +          Reflect  .   j - +0 helmet
rElec   +          Harm     .   s - +0 cloak
rCorr   .          Rampage  .   (no gloves)
Will    .....                   (no barding)
Stlth   +.........              (no amulet)
HPRegen 0.19/turn               (no ring)
MPRegen 0.11/turn               (no ring)

@: short of breath, very slow
A: AC +2, large, see invisible, deformed body, poison resistance, slowness 2,
spit poison 1, naga tail 1
a: Spit Poison


You were on level 5 of the Dungeon.
You visited 1 branch of the dungeon, and saw 5 of its levels.

You collected 245 gold pieces.

Inventory:

Hand Weapons
 a - a +0 hand crossbow
 i - a +0 dagger of electrocution
 m - a +2 vorpal hand axe
 q - a +3 dagger of speed
 y - the +4 hand axe of the Desolation of Salt (weapon) {vorpal, rElec rN+}
   (You found it on level 5 of the Dungeon)

   It inflicts extra damage upon your enemies.
   rElec:     It insulates you from electricity.
   rN:        It protects you from negative energy.
Missiles
 c - 6 bolts
Armour
 d - a +0 robe (worn)
 j - a +0 helmet (worn)
 s - a +0 cloak (worn)
Jewellery
 x - a ring of fire
Wands
 t - a wand of flame (17)
Scrolls
 b - a scroll of teleportation
 e - a scroll of silence {unknown}
 f - a scroll of holy word {unknown}
 g - 6 scrolls of vulnerability
 l - 2 scrolls of fog
 n - 3 scrolls of fear {unknown}
 u - a scroll of summoning {unknown}
 v - a scroll of immolation {unknown}
 w - a scroll of identify
Potions
 h - 3 potions of brilliance {unknown}
 k - 2 potions of lignification
 o - a potion of haste {unknown}
 p - 2 potions of magic {unknown}
 r - 2 potions of curing
 z - a potion of mutation {unknown}


   Skills:
 - Level 1.0 Fighting
 - Level 1.7 Short Blades
 + Level 0.4 Axes
 - Level 6.9 Crossbows
 - Level 1.5 Dodging
 - Level 1.0 Spellcasting
 - Level 3.0 Hexes


You had 4 spell levels left.
You knew the following spells:

 Your Spells              Type           Power      Damage    Failure   Level
a - Slow                  Hex            36%        N/A       8%          1
b - Inner Flame           Hex/Fire       4%         N/A       38%         3

Your spell library contained the following spells:

 Spells                   Type           Power      Damage    Failure   Level
 Magic Dart               Conj           0%         1d3       26%         1
 Call Imp                 Summ           0%         N/A       36%         2
 Portal Projectile        Hex/Tloc       8%         N/A       38%         3
 Cause Fear               Hex            4%         N/A       58%         4
 Mephitic Cloud           Conj/Pois/Air  0%         N/A       61%         3


Dungeon Overview and Level Annotations

Branches:
Dungeon (5/15)
 Temple: D:4-7

Altars:
Dithmenos
Kikubaaqudgha
Makhleb
Uskayaw


Innate Abilities, Weirdness & Mutations

Your serpentine skin is tough. (AC +2)
You have supernaturally acute eyesight. (SInv)
Armour fits poorly on your strangely shaped body.
Your system is resistant to poisons. (rPois)
You cover ground very slowly.
You can spit poison.
You have a snake-like lower body.


Message History

The ogre shouts!
There is an open door here.
An ogre is nearby!
Okay, then.
Unknown command.
Unknown command.
Aiming: Spit Poison (1% risk of failure)
Press: ? - help, Shift-Dir - straight line, f - ogre
Aim: an ogre, wielding a +0 giant club The splash of poison hits the ogre.
The ogre is poisoned.
The ogre is lightly wounded.
Unknown command.
An orc wizard comes into view. It is wielding a +0 vampiric dagger.
You have got your breath back.
Aiming: Spit Poison (1% risk of failure)
Press: ? - help, Shift-Dir - straight line, f/p - ogre
Aim: an ogre, wielding a +0 giant club (moderately wounded, poisoned)
The splash of poison hits the ogre.
The ogre looks even sicker.
The ogre is moderately wounded.
The ogre barely misses you.
Unknown command.
You hit the ogre but do no damage.
The ogre is moderately wounded.
The ogre hits you with a +0 giant club!!
Unknown command.
You hit the ogre.
The ogre is severely wounded.
You have got your breath back.
Unknown command.
You barely miss the ogre.
The ogre is severely wounded.
The ogre hits you with a +0 giant club!!
* * * LOW HITPOINT WARNING * * *
Unknown command.
Aiming: Spit Poison (1% risk of failure)
Press: ? - help, Shift-Dir - straight line, f/p - ogre
Aim: an ogre, wielding a +0 giant club (almost dead, poisoned)
The splash of poison misses the ogre.
The ogre hits you with a +0 giant club!!
You die...

## ##......o ...#
.....#.. ...##
.....#.. ......
#.# #....# .##.#
#.##.....## ....#
.# #..'.......
.... . #.##.....#.
...# ###. #O#
....... ...###...
### #@# .O.###.
..........#.. #.#
...#
...##.....#.####.#
.).#
.................#
...#
..........#.######
...# .#.#...#+##.#
.# #.....##.# .#
#......#.# .#
#.....#.#


You could see an ogre (poisoned).

Vanquished Creatures
  A sky beast (D:3)
  An ogre (D:4)
  2 hounds (D:4)
  A centaur skeleton (D:5)
  An iguana (D:4)
  An orc wizard (D:5)
  Robin (D:3)
  9 adders
  6 gnolls
  A river rat (D:3)
  An ufetubus (D:4)
  An adder skeleton (D:4)
  3 worms
  A dart slug (D:1)
  5 orcs
  6 endoplasms
  2 giant cockroaches
  7 hobgoblins
  7 jackals (D:2)
  A kobold (D:3)
  2 quokkas
  3 ball pythons
  3 frilled lizards
  13 goblins
  4 rats
83 creatures vanquished.

Notes
Turn   | Place    | Note
-------+----------+-------------------------------------------
     0 | D:1      | Lavandula the Naga Arcane Marksman began the quest for the
                  | Orb.
     0 | D:1      | Reached XP level 1. HP: 18/18 MP: 2/2
    71 | D:1      | Reached skill level 2 in Crossbows
   324 | D:1      | Found a faded altar of an unknown god.
   579 | D:1      | Reached XP level 2. HP: 19/25 MP: 3/3
   954 | D:2      | Reached skill level 3 in Crossbows
  1270 | D:2      | Reached XP level 3. HP: 23/31 MP: 4/4
  1711 | D:2      | Reached XP level 4. HP: 38/38 MP: 5/5
  2097 | D:3      | Reached skill level 4 in Crossbows
  2521 | D:3      | Found an ancient bone altar of Kikubaaqudgha.
  2709 | D:3      | Found a shadowy altar of Dithmenos.
  2711 | D:3      | Noticed Robin
  2729 | D:3      | Killed Robin
  2730 | D:3      | Reached XP level 5. HP: 24/44 MP: 6/6
  3341 | D:3      | Reached skill level 5 in Crossbows
  3429 | D:3      | Noticed a sky beast
  3436 | D:3      | Killed a sky beast
  3437 | D:3      | Reached XP level 6. HP: 32/51 MP: 7/7
  3553 | D:3      | Found a hide-covered altar of Uskayaw.
  3557 | D:3      | Found a burning altar of Makhleb.
  3918 | D:4      | Reached skill level 6 in Crossbows
  4340 | D:4      | Learned a level 3 spell: Inner Flame
  4521 | D:4      | Reached XP level 7. HP: 57/57 MP: 8/8
  4775 | D:5      | Entered Level 5 of the Dungeon
  4803 | D:5      | Reached skill level 1 in Short Blades
  4811 | D:5      | Noticed a two-headed ogre
  4842 | D:5      | Identified the +4 hand axe of the Desolation of Salt
                  | {vorpal, rElec rN+}
  4994 | D:5      | Mangled by an ogre

Illustrated notes

Levels and vault maps discovered:
D:1:      dpeg_arrival_rooms_b, layout_loops_cross, basic_ecumenical_altar
D:2:      layout_loops_ring, minmay_tripent
D:3:      layout_basic, nicolae_kikubaaqudgha_miasma_corner,
          nicolae_dithmenos_shadow_blocks, minitemple, gup_sewer_entry_spiral,
          uniq_robin
D:4:      nicolae_cairo_tiling, layout_basic
D:5:      layout_basic, grunt_temple_overflow_holy_war,
          lemuel_coloured_pillars_altar, ashenzari_conservatory_becter,
          serial_shops, shop, uniq_ijyb

Skill      XL: |  1  2  3  4  5  6  7 |
---------------+----------------------+-----
Crossbows      | 2 3 4 5 6 |  6.9
Short Blades   | 1 |  1.7
Fighting       | |  1.0
Axes           | |  0.4
Dodging        | |  1.5
Spellcasting   | |  1.0
Hexes          | |  3.0

Action                   |  1- 3 |  4- 6 |  7- 9 || total
-------------------------+-------+-------+-------++-------
Melee: Hand axe          |       |     4 |     8 ||    12
       Dagger            |       |       |    16 ||    16
 Fire: Hand crossbow     |    42 |   116 |    14 ||   172
 Abil: Spit Poison       |     9 |    30 |    11 ||    50
  Use: Potion            |     1 |       |       ||     1
       Scroll            |       |     3 |     1 ||     4
Armor: Robe              |     4 |    18 |    13 ||    35
       Skin              |     6 |       |       ||     6
Dodge: Dodged            |     7 |    32 |    21 ||    60

Table legend: (Time is in decaauts)
 A = Elapsed time spent in this place.
 B = Non-inter-level travel time spent in this place.
 C = Inter-level travel time spent in this place.
 D = Time resting spent in this place.
 E = Time spent auto-exploring this place.
 F = Levels seen in this place.
 G = Mean time per level.
                   A        B        C        D        E       F      G
               +--------+--------+--------+--------+--------+-----+--------+
         Total |   6293 |   6104 |    189 |    976 |   3935 |   5 | 1258.6 |
       Dungeon |   6293 |   6104 |    189 |    976 |   3935 |   5 | 1258.6 |
               +--------+--------+--------+--------+--------+-----+--------+

Top non-repeatable levels by time:
     D:2: 1780 daAuts
     D:3: 1682 daAuts
     D:4: 1418 daAuts
     D:1: 1127 daAuts
     D:5: 284 daAuts
